 Dungeon Sprint DCSS version 0.21-a0-414-gba8bdf1 (webtiles) character file.

1689 Kidiri the Fighter (level 8, -3/78 HPs)
             Began as a Grey Draconian Transmuter on Nov 2, 2017.
             Was a Priest of Wu Jian.
             Slain by a two-headed ogre
             ... wielding a +0 dire flail
              (19 damage)
             ... in the Dungeon (Sprint III: "The Ten Rune Challenge").
             The game lasted 00:06:15 (1086 turns).

Kidiri the Fighter (Grey Draconian Transmuter)      Turns: 1086, Time: 00:06:16

Health: -3/78      AC: 11    Str: 13    XL:     8   Next: 71%
Magic:  12/17      EV: 15    Int: 14    God:    Wu Jian [***...]
Gold:   68         SH:  0    Dex: 13    Spells: 3/19 levels left

rFire    . . .     SeeInvis .     - Unarmed
rCold    . . .     Gourm    .   (shield currently unavailable)
rNeg     . . .     Faith    .   (armour unavailable)
rPois    +         Spirit   .   (helmet restricted)
rElec    .         Reflect  .   (no cloak)
rCorr    .         Harm     .   (gloves currently unavailable)
MR       .....     NoTele   +   (no boots)
Stlth    +++.......             (no amulet)
HPRegen  0.23/turn              (no ring)
MPRegen  0.15/turn              (no ring)

@: blade hands, slowed, very slow
A: walk through water, unfitting armour, stinger 2, poison resistance,
unbreathing, cold-blooded, AC +11
a: End Transformation, Renounce Religion


You were in the Dungeon.
You worshipped Wu Jian.
Wu Jian was most pleased with you.
You were hungry.
You had blades for hands.
You visited 1 branch You collected 68 gold pieces.

Inventory:

Hand Weapons
 j - a +0 giant club
 r - a cursed -2 hunting sling
 t - a +0 dagger
 v - a +0 dagger
 y - a +2 long sword of holy wrath
 z - a +0 dagger
 C - a cursed -1 giant club
 D - a +0 giant club
 E - a cursed -2 giant club
 F - a +0 giant club
 G - a +0 giant club
 I - a +0 giant spiked club
 J - a +0 giant spiked club
Missiles
 a - 10 arrows
Armour
 h - a +0 pair of gloves (melded)
 k - a +0 robe
 l - a +2 helmet
 u - a +0 robe
 w - a +0 robe
 A - a +0 robe
Scrolls
 i - a scroll of blinking
 m - 3 scrolls of immolation
 n - 2 scrolls of identify
 o - 3 scrolls of remove curse
Potions
 d - 3 potions of curing
 e - a potion of mutation
 f - 2 potions of haste
 g - 2 potions of magic
Books
 b - a book of Changes

   Spells                             Type                      Level
   a - Beastly Appendage              Transmutation                1
   b - Sticks to Snakes               Transmutation                2
   c - Spider Form                    Transmutation/Poison         3
   d - Ice Form                       Ice/Transmutation            4
   e - Blade Hands                    Transmutation                5
 s - a book of Cantrips

   Spells                             Type                      Level
   a - Confusing Touch                Hexes                        1
   b - Animate Skeleton               Necromancy                   1
   c - Summon Small Mammal            Summoning                    1
   d - Apportation                    Translocation                1
Miscellaneous
 B - a lamp of fire
Comestibles
 c - a bread ration
 p - a meat ration
 q - 2 royal jellies
 H - a chunk of flesh


   Skills:
 * Level 9.5 Fighting
 + Level 5.9 Dodging
 + Level 6.0 Stealth
 * Level 9.2 Unarmed Combat
 + Level 6.0 Spellcasting
 * Level 9.0 Transmutations
 + Level 3.9 Ice Magic
 + Level 5.6 Poison Magic


You had 3 spell levels left.
You knew the following spells:

 Your Spells              Type           Power        Failure   Level  Hunger
a - Beastly Appendage     Tmut           ####..       11%         1    None
b - Sticks to Snakes      Tmut           ####....     12%         2    #......
c - Spider Form           Tmut/Pois      ###.......   22%         3    ###....
d - Ice Form              Ice/Tmut       ###.....     47%         4    ####...
e - Blade Hands           Tmut           ####......   47%         5    ######.
f - Confusing Touch       Hex            #.....       56%         1    None


Dungeon Overview and Level Annotations

Branches:
Dungeon (1/1)

Altars:
Cheibriados
Dithmenos
Elyvilon
Fedhas
Gozag
Hepliaklqana
Kikubaaqudgha
Makhleb
Nemelex Xobeh
Okawaru
Qazlal
Ru
Sif Muna
Trog
Uskayaw
Vehumet
Wu Jian
Xom
Yredelemnul
Zin
The Shining One
Beogh
Jiyva
Lugonu

Annotations:
D exclusion: door, Erolcha


Innate Abilities, Weirdness & Mutations

You can walk through water.
Your dull iron-grey scales are very hard. (AC +11)
You cannot fit into any form of body armour.
You can survive without breathing.
You are cold-blooded and may be slowed by cold attacks.
Your tail ends in a sharp poisonous barb.
Your system is resistant to poisons. (rPois)


Message History

The two-headed ogre hits you with a giant spiked club!
* * * LOW HITPOINT WARNING * * *
You feel much better. The two-headed ogre closely misses you.
The two-headed ogre hits you with a giant spiked club.
Erolcha hits the two-headed ogre with an enchanted giant spiked club!!
Unknown command.
Erolcha barely misses the two-headed ogre.
The two-headed ogre hits you with a dire flail.
* * * LOW HITPOINT WARNING * * *
The two-headed ogre closely misses you.
Unknown command.
There is no target in range.
Unknown command.
You spin and attack the two-headed ogre.
You slice the two-headed ogre!!
The two-headed ogre is almost dead.
The two-headed ogre hits you with a dire flail.
* * * LOW HITPOINT WARNING * * *
The two-headed ogre hits you with a giant spiked club!!
You die...

#### #__# #._# #+##
...# ...# ##'#
...#+##############
...#....#.#.#...@.#
...##.#..#.##.###O#
...'##.#.#.##.#..##
...#...#..#..##.O+
▓▓▓▓▓▓▓▓▓▓▓▓▓▓▓▓▓#


You could see a two-headed ogre.

Vanquished Creatures
  A deep elf mage (D)
  A shadow (D)
  A spatial vortex (D)
  A necrophage (D)
  4 two-headed ogres (D)
  A water elemental (D)
  A jelly (D)
  A wizard (D)
  Jessica (D)
  A necromancer (D)
  A kobold demonologist (D)
  3 humans (D)
  A wolf (D)
  An ooze (D)
  2 rats (D)
21 creatures vanquished.

Vanquished Creatures (others)
  2 draconian scorchers (D)
  A yaktaur (D)
  6 hellions (D)
  2 plants (D)
11 creatures vanquished.

Grand Total: 32 creatures vanquished

Notes
Turn   | Place    | Note
-------+----------+-------------------------------------------
     0 | D        | Kidiri the Draconian Transmuter began the quest for the Orb.
     0 | D        | Reached XP level 1. HP: 16/16 MP: 3/3
    75 | D        | Killed a yaktaur
   125 | D        | Killed a hellion
   129 | D        | Killed a hellion
   135 | D        | Killed a hellion
   151 | D        | Noticed Jessica
   154 | D        | Killed a hellion
   161 | D        | Killed Jessica
   161 | D        | Reached skill level 1 in Stealth
   161 | D        | Reached XP level 2. HP: 20/26 MP: 3/5
   161 | D        | Reached XP level 3. HP: 24/31 MP: 3/6
   168 | D        | Killed a white draconian scorcher
   170 | D        | Killed a white draconian scorcher
   178 | D        | Learned a level 2 spell: Sticks to Snakes
   182 | D        | Learned a level 3 spell: Spider Form
   199 | D        | Killed a hellion
   211 | D        | Killed a hellion
   377 | D        | Reached skill level 1 in Poison Magic
   381 | D        | Gained mutation: Your magical capacity is low. (-10% MP) [potion of mutation]
   381 | D        | Gained mutation: Your muscles are strong. (Str +2) [potion of mutation]
   381 | D        | Lost mutation: Your magical capacity is low. (-10% MP) [potion of mutation]
   382 | D        | Lost mutation: Your muscles are strong. (Str +2) [potion of mutation]
   382 | D        | Gained mutation: Scrolls take you a little longer to read. [potion of mutation]
   382 | D        | Gained mutation: You have sharp toenails. [potion of mutation]
   383 | D        | Lost mutation: You have sharp toenails. [potion of mutation]
   383 | D        | Lost mutation: Scrolls take you a little longer to read. [potion of mutation]
   383 | D        | Gained mutation: Your tail ends in a poisonous barb. [potion of mutation]
   383 | D        | Gained mutation: Your system is resistant to poisons. (rPois) [potion of mutation]
   383 | D        | Gained mutation: Your tail ends in a sharp poisonous barb. [potion of mutation]
   435 | D        | Noticed a water elemental
   441 | D        | Killed a water elemental
   441 | D        | Reached skill level 5 in Unarmed Combat
   441 | D        | Reached XP level 4. HP: 40/41 MP: 2/8
   491 | D        | Found an ornate altar of the Wu Jian Council.
   491 | D        | Found a roughly hewn altar of Beogh.
   491 | D        | Found an iron altar of Okawaru.
   491 | D        | Found a bloodstained altar of Trog.
   491 | D        | Found a hide-covered altar of Uskayaw.
   491 | D        | Noticed a human
   491 | D        | Noticed a human
   501 | D        | Killed a human
   501 | D        | Reached skill level 5 in Fighting
   501 | D        | Reached skill level 5 in Transmutations
   501 | D        | Reached XP level 5. HP: 31/50 MP: 4/10
   506 | D        | Killed a human
   506 | D        | Reached XP level 6. HP: 37/58 MP: 4/12
   519 | D        | Became a worshipper of the Wu Jian Council
   671 | D        | Learned a level 4 spell: Ice Form
   679 | D        | Found a radiant altar of Vehumet.
   680 | D        | Found a deep blue altar of Sif Muna.
   680 | D        | Found an ancient bone altar of Kikubaaqudgha.
   713 | D        | Found a glowing silver altar of Zin.
   714 | D        | Found a glowing golden altar of the Shining One.
   714 | D        | Found a white marble altar of Elyvilon.
   714 | D        | Noticed a deep elf mage
   718 | D        | Killed a deep elf mage
   718 | D        | Reached * piety under Wu Jian
   718 | D        | Reached skill level 5 in Dodging
   718 | D        | Reached skill level 5 in Stealth
   718 | D        | Reached skill level 5 in Spellcasting
   718 | D        | Your scales start taking on a dull iron-grey colour.
   718 | D        | Reached XP level 7. HP: 42/68 MP: 9/14
   718 | D        | Gained mutation: You can survive without breathing. [Grey Draconian growth]
   728 | D        | Learned a level 5 spell: Blade Hands
   844 | D        | Learned a level 1 spell: Confusing Touch
   852 | D        | Found a basalt altar of Yredelemnul.
   852 | D        | Found a shadowy altar of Dithmenos.
   852 | D        | Found a sacrificial altar of Ru.
   896 | D        | Noticed a shadow
   899 | D        | Reached ** piety under Wu Jian
   900 | D        | Killed a shadow
   900 | D        | Reached skill level 5 in Poison Magic
   900 | D        | Reached XP level 8. HP: 75/75 MP: 9/16
   910 | D        | Found a blossoming altar of Fedhas.
   910 | D        | Found a stormy altar of Qazlal.
   910 | D        | Found a snail-covered altar of Cheibriados.
   910 | D        | Found a burning altar of Makhleb.
   910 | D        | Found a shimmering altar of Xom.
   911 | D        | Found a hazy altar of Hepliaklqana.
   911 | D        | Found an opulent altar of Gozag.
   911 | D        | Found a sparkling altar of Nemelex Xobeh.
   911 | D        | Found a corrupted altar of Lugonu.
   911 | D        | Found a viscous altar of Jiyva.
   991 | D        | Reached *** piety under Wu Jian
  1028 | D        | Noticed a two-headed ogre
  1037 | D        | Killed a two-headed ogre
  1079 | D        | Noticed a two-headed ogre
  1079 | D        | Noticed Erolcha
  1086 | D        | Slain by a two-headed ogre

Vault maps used:
D:        dungeon_sprint_mu

Skill      XL: |  1  2  3  4  5  6  7  8 |
---------------+-------------------------+-----
Dodging        | 2 3 4 5 |  5.9
Fighting       | 3 4 5 6 8 9 |  9.5
Stealth        | 1 2 3 4 5 6 |  6.0
Unarmed Combat | 4 5 6 7 8 9 |  9.2
Transmutations | 3 4 5 6 7 8 9 |  9.0
Poison Magic   | 1 3 4 5 |  5.6
Spellcasting   | 3 4 5 6 |  6.0
Ice Magic      | 2 3 |  3.9

Action                   |  1- 3 |  4- 6 |  7- 9 || total
-------------------------+-------+-------+-------++-------
Melee: Unarmed           |    37 |    21 |    37 ||    95
       Tailslap          |     2 |       |     4 ||     6
       Punch             |     1 |       |     2 ||     3
 Cast: Beastly Appendage |     2 |       |       ||     2
       Spider Form       |     4 |     3 |       ||     7
       Sticks to Snakes  |     1 |     1 |       ||     2
       Blade Hands       |       |       |     6 ||     6
       Confusing Touch   |       |       |     3 ||     3
  Use: Potion            |     4 |     1 |     1 ||     6
       Scroll            |     1 |       |       ||     1
 Stab: Sleeping          |     1 |       |     4 ||     5
       Distracted        |     1 |     1 |       ||     2
       Confused          |       |       |     4 ||     4
  Eat: Chunk             |       |       |     3 ||     3
Armor: Skin              |     4 |     1 |     2 ||     7
Dodge: Dodged            |    27 |    21 |    18 ||    66

Table legend:
 A = Spawn XP
 B = Non-spawn XP
 C = Spawn XP percentage of total XP
 D = Spawn monster count
 E = Non-spawn monster count
 F = Spawn count percentage of total count
 G = Total turns spent on level
                    A         B        C        D         E        F      G
               +---------+---------+-------+---------+---------+-------+---------
         Total |       0 |    2413 |   0.0 |       0 |      21 |   0.0 |  1086
               +---------+---------+-------+---------+---------+-------+---------
             D |       0 |    2413 |   0.0 |       0 |      21 |   0.0 |  1086
               +---------+---------+-------+---------+---------+-------+---------
